 Dungeon Crawl Stone Soup version 0.25-b1-50-g7b83aa72e5 (webtiles) character file.

Game seed: 15595137185713047703

225 Curus the Slasher (level 5, -6/42 HPs)
             Began as a Minotaur Gladiator on June 12, 2020.
             Killed by divine providence
             ... invoked by an orc priest
              (13 damage)
             ... on level 4 of the Dungeon.
             The game lasted 00:12:15 (1880 turns).

Curus the Slasher (Minotaur Gladiator)              Turns: 1880, Time: 00:12:15

Health: -6/42      AC:  9    Str: 19    XL:     5   Next: 68%
Magic:  4/4        EV: 12    Int:  6    God:
Gold:   159        SH:  0    Dex: 11    Spells: 4/4 levels left

rFire    . . .     SeeInvis .   k - +0 great sword
rCold    . . .     Gourm    .   (shield currently unavailable)
rNeg     . . .     Faith    .   e - +3 ring mail
rPois    .         Spirit   .   c - +0 hat
rElec    .         Reflect  .   (no cloak)
rCorr    .         Harm     .   l - +0 pair of gloves
MR       .....                  (no boots)
Stlth    +.........             (no amulet)
HPRegen  0.14/turn              (no ring)
MPRegen  0.09/turn              (no ring)

@: no status effects
A: retaliatory headbutt, horns 2
a: no special abilities


You were on level 4 of the Dungeon.
You were not hungry.

You visited 1 branch of the dungeon, and saw 4 of its levels.

You collected 159 gold pieces.

Inventory:

Hand Weapons
 a - a +1 long sword
 k - a +0 great sword (weapon)
Missiles
 d - 3 throwing nets (quivered)
Armour
 b - a +0 leather armour
 c - a +0 hat (worn)
 e - a +3 ring mail (worn)
 l - a +0 pair of gloves (worn)
Scrolls
 h - 2 scrolls of identify
 i - 2 scrolls of remove curse
Potions
 j - a potion of invisibility
Comestibles
 f - 3 rations
 g - 6 chunks of flesh


   Skills:
 - Level 2.4 Fighting
 + Level 7.8 Long Blades
 - Level 2.0 Throwing
 - Level 3.2 Dodging


You had 4 spell levels left.
You didn't know any spells.
Your spell library was empty.

Dungeon Overview and Level Annotations

Branches:
Dungeon (4/15)
 Temple: D:4-7

Altars:
Ashenzari
Qazlal
Sif Muna
The Shining One


Innate Abilities, Weirdness & Mutations

You reflexively headbutt those who attack you in melee.
You have a pair of horns on your head.


Message History

The orc priest is wielding a +0 vorpal trident.
The orc shouts!
The orc priest shouts!
The orc shouts!
You hear a shout!
An orc comes into view. It is wielding a +0 club.
The orc priest mumbles some strange prayers to Beogh against you.
Pain shoots through your body!
The orc priest hits you with a +0 vorpal trident.
You closely miss the orc priest.
The ogre hits you with a +0 giant club!!
* * * LOW HITPOINT WARNING * * *
The orc priest hits you but does no damage.
The orc priest looks encouraged for a moment.
You slash the ogre! You headbutt the ogre!
You kill the ogre!
You feel your intelligence returning.
You closely miss the orc. The orc hits you but does no damage.
The orc barely misses you.
You riposte.
You closely miss the orc. You closely miss the orc.
The orc priest invokes the aid of Beogh against you.
Beogh smites you!
You die...

###.§...#.......# ###.
#....§#....##.##### #...
###.###...........#######...
#.# ########.##...........
#.###### #..######..#..#
#......## ##...###..##.##
####....# ###.....###...
##.#.##########.......#
#.#..@ooo.......##[..#
#.#######o........(... #.#
#........###>. #.#
###o#.#.#....# #.#
#..#.....#### #.
####.....#### . #..o...###
.. #..o##.#.# .# ....# #...#
.#


You could see an orc priest and 3 orcs.

Vanquished Creatures
  An ogre (D:4)
  A crimson imp (D:4)
  4 adders
  An ooze (D:1)
  3 worms
  A dart slug (D:2)
  An orc (D:4)
  5 giant cockroaches
  7 goblins
  10 hobgoblins
  6 jackals
  5 kobolds
  A quokka (D:2)
  4 bats
  2 frilled lizards
  3 rats
55 creatures vanquished.

Notes
Turn   | Place    | Note
-------+----------+-------------------------------------------
     0 | D:1      | Curus the Minotaur Gladiator began the quest for the Orb.
     0 | D:1      | Reached XP level 1. HP: 18/18 MP: 0/0
   131 | D:1      | Reached skill level 4 in Long Blades
   231 | D:1      | Reached XP level 2. HP: 23/25 MP: 1/1
   375 | D:1      | Reached skill level 5 in Long Blades
   551 | D:2      | Found a shattered altar of Ashenzari.
   556 | D:2      | Reached XP level 3. HP: 30/30 MP: 2/2
  1194 | D:2      | Found a shimmering blue altar of Sif Muna.
  1341 | D:2      | Found a glowing golden altar of the Shining One.
  1446 | D:3      | Reached XP level 4. HP: 35/37 MP: 3/3
  1447 | D:3      | Reached skill level 6 in Long Blades
  1722 | D:3      | You fall into a shaft and drop 1 floor!
  1812 | D:4      | Found a stormy altar of Qazlal.
  1823 | D:4      | Reached skill level 7 in Long Blades
  1823 | D:4      | Reached XP level 5. HP: 42/42 MP: 4/4
  1864 | D:4      | Noticed an ogre
  1878 | D:4      | Killed an ogre
  1880 | D:4      | Killed from afar by an orc priest

Illustrated notes

Levels and vault maps discovered:
D:1:      dpeg_arrival_rooms_a, layout_rooms
D:2:      layout_loops_corners, tso_oasis_becter,
          nicolae_overflow_hidden_temple, lemuel_crystal_altar
D:3:      layout_loops_ring, overflow_temple_1_default, lightli_corner_chamber,
          uniq_ijyb, uniq_robin, uniq_crazy_yiuf_cottage
D:4:      layout_rooms, nicolae_ru_great_annihilating_truth,
          grunt_qazlal_clouds, uniq_grinder

Skill      XL: |  1  2  3  4 |
---------------+-------------+-----
Long Blades    | 4 5 7 |  7.8
Fighting       | |  2.4
Throwing       | |  2.0
Dodging        | |  3.2

Action                   |  1- 3 |  4- 6 || total
-------------------------+-------+-------++-------
Melee: Long sword        |    65 |       ||    65
       Headbutt          |    16 |     3 ||    19
       Great sword       |    12 |    32 ||    44
  Use: Scroll            |     5 |     1 ||     6
       Potion            |     5 |     2 ||     7
  Eat: Chunk             |     1 |     2 ||     3
Armor: Ring mail         |    33 |    15 ||    48
       Leather armour    |     2 |       ||     2
Dodge: Dodged            |    34 |    15 ||    49
       Rpst.: Long sword |     3 |       ||     3
       Great sword       |     2 |     8 ||    10
